 Dungeon Crawl Stone Soup version 0.17-a0-1572-g7a1422d (webtiles) character file.

210 abixa the Cleaver (level 5, -1/67 HPs)
             Began as a Hill Orc Berserker on July 24, 2015.
             Was a Priest of Trog.
             Slain by an orc priest
             ... wielding a +0 flail
              (3 damage)
             ... on level 3 of the Dungeon.
             The game lasted 00:05:19 (2356 turns).

abixa the Cleaver (Hill Orc Berserker)              Turns: 2356, Time: 00:05:19

Health: -1/67      AC:  6    Str: 25    XL:     5   Next: 88%
Magic:  5/5        EV: 10    Int:  7    God:    Trog [***...]
Gold:   112        SH:  0    Dex: 11    Spells: 0 memorised, 4 levels left

rFire  . . .     SeeInvis .     a - +0 hand axe
rCold  . . .     Clarity  .     p - +0 scale mail
rNeg   . . .     SustAt   .     (no shield)
rPois  .         Gourm    .     (no helmet)
rElec  .         Spirit   .     (no cloak)
rCorr  .         Warding  .     (no gloves)
rMut   .         Stasis   .     (no boots)
MR     .....                    (no amulet)
Stlth  ..........               (no ring)
                                (no ring)

@: berserking, very quick, not resistant to hostile enchantments, extremely
unstealthy
A: no striking features
a: Burn Spellbooks, Berserk, Trog's Hand, Renounce Religion, Convert to Beogh


You were on level 3 of the Dungeon.
You worshipped Trog.
Trog was most pleased with you.
You were not hungry.

You visited 1 branch of the dungeon, and saw 3 of its levels.

You collected 112 gold pieces.

Inventory:

Hand weapons
 a - a +0 hand axe (weapon)
 k - a +0 spear
 r - a +0 hunting sling
Missiles
 b - 18 arrows
 d - 8 poisoned needles
 h - 18 stones (quivered)
 i - 15 bolts
 o - 18 sling bullets
 s - 3 steel javelins
Armour
 p - a +0 scale mail (worn)
Scrolls
 e - a scroll of recharging {unknown}
 f - a scroll of teleportation {unknown}
 m - a scroll of amnesia {unknown}
 q - a scroll of identify {unknown}
 t - a scroll of immolation {unknown}
 w - a scroll of enchant armour {unknown}
 y - a scroll of enchant weapon {unknown}
 z - a scroll of fog {unknown}
 A - a scroll of remove curse {unknown}
Potions
 g - a potion of ambrosia {unknown}
 j - 3 potions of might {unknown}
 n - 2 potions of lignification {unknown}
 v - a potion of cancellation {unknown}
 x - a potion of magic {unknown}
Comestibles
 c - 3 bread rations
 l - a slice of pizza
 u - a meat ration
 B - a chunk of flesh


   Skills:
 - Level 3.6 Fighting
 + Level 8.4 Axes
 - Level 2.1 Armour
 - Level 1.5 Dodging


You had 4 spell levels left.
You didn't know any spells.

Dungeon Overview and Level Annotations

Branches:
Dungeon (3/15)

Altars:
Elyvilon


Message History

* * * LOW HITPOINT WARNING * * *
You hear a shout!
Things that are here:
a flail; an orc corpse You slash the orc!
You kill the orc!
Trog accepts your kill.
The orc priest calls down the wrath of Beogh upon you.
Pain shoots through your body!
* * * LOW HITPOINT WARNING * * *
A kobold comes into view.
Something hits you.
* * * LOW HITPOINT WARNING * * *
You see here a chain mail.
You hit the orc priest but do no damage.
The orc priest shouts, "Beogh is our master!
Accept the truth or die!"
You closely miss something.
The orc priest threatens, "By the altar or by the axe, you will meet Beogh!"
The orc priest hits you with a flail.
You die...

###....#
#.# ....#
#.# ##.##
#.# ### .#
#.# ..# #
#.# ..# #.#
..# #.# ###
#####.#####
#......)@o#
#.....###{#
#.#.#.. K#
.. #[#.# .#
#. #.#.# .#
# # ... .#
### .# .#


You could see an orc priest and a kobold.

Vanquished Creatures
  An orc priest (D:3)
  Jessica (D:3)
  Natasha (twice) (D:2)
  6 adders
  A giant gecko (D:2)
  6 orcs (D:3)
  4 bats
  4 giant cockroaches
  10 hobgoblins
  2 quokkas (D:2)
  2 ball pythons
  3 giant newts
  3 goblins
  10 jackals
  A kobold (D:1)
  10 rats
66 creatures vanquished.

Notes
Turn   | Place    | Note
--------------------------------------------------------------
     0 | D:1      | abixa the Hill Orc Berserker began the quest for the Orb.
     0 | D:1      | Reached XP level 1. HP: 19/19 MP: 1/1
   103 | D:1      | Reached XP level 2. HP: 15/26 MP: 2/2
   426 | D:1      | Reached skill level 5 in Axes
   633 | D:1      | Acquired Trog's second power
   636 | D:1      | Reached XP level 3. HP: 23/31 MP: 3/3
   769 | D:2      | Reached skill level 6 in Axes
  1105 | D:2      | Reached XP level 4. HP: 26/39 MP: 4/4
  1364 | D:2      | Found a faded altar to an unknown god.
  1406 | D:2      | Found a white marble altar of Elyvilon.
  1648 | D:2      | Noticed Natasha
  1662 | D:2      | Killed Natasha
  1792 | D:2      | Noticed Natasha
  1798 | D:2      | Reached skill level 7 in Axes
  1798 | D:2      | Killed Natasha
  1890 | D:2      | Reached XP level 5. HP: 43/45 MP: 5/5
  2219 | D:3      | Noticed Jessica
  2226 | D:3      | Killed Jessica
  2226 | D:3      | Reached skill level 8 in Axes
  2355 | D:3      | HP: 2/67 [something (3)]
  2356 | D:3      | Slain by an orc priest

Vault maps used:
D:1:      dpeg_arrival_round_a
D:2:      ecumenical_altar_1, first_bread, lemuel_statue_altar, uniq_natasha
D:3:      uniq_jessica

Action                   |  1- 3 |  4- 6 || total
-------------------------+-------+-------++-------
Melee: Hand axe          |   148 |   112 ||   260
Invok: Berserk           |     1 |     4 ||     5
  Eat: Chunk             |     2 |     7 ||     9
